 Dungeon Crawl Stone Soup version 0.30.1-3-gfc49f6343a (webtiles) character file.

Game seed: 14571178996770313163

11399 Heoruswealwe the Eclecticist (level 11, -4/54 HPs)
             Began as a Deep Elf Conjurer on Aug 8, 2023.
             Was a Priest of Vehumet.
             Slain by Snorg (7 damage)
             ... on level 11 of the Dungeon.
             The game lasted 02:14:19 (11321 turns).

Heoruswealwe the Eclecticist (Deep Elf Conjurer)   Turns: 11321, Time: 02:14:21

Health: -4/54      AC:  5    Str:  4    XL:     11   Next: 48%
Magic:  19/42      EV: 12    Int: 28    God:    Vehumet [***...]
Gold:   361        SH:  0    Dex: 13    Spells: 22/43 levels left

rFire   . . .        b - +3 scimitar (elec)
rCold   . . .        (no shield)
rNeg    . . .        c - +0 robe
rPois   .            (no helmet)
rElec   .            h - +1 cloak
rCorr   .            (no gloves)
SInv    .            e - +0 pair of boots
Will    +....        i - amulet of the acrobat
Stlth   ++           k - ring of wizardry
HPRegen 0.29/turn    j - ring of magical power
MPRegen 0.28/turn

%: acrobat, wizardry (x1)
@: no status effects
A: no striking features
a: Renounce Religion


You were on level 11 of the Dungeon.
You worshipped Vehumet.
Vehumet was most pleased with you.
You visited 2 branches of the dungeon, and saw 12 of its levels.

You collected 835 gold pieces.
You spent 474 gold pieces at shops.

Inventory:

Hand Weapons
 b - a +3 scimitar of electrocution (weapon)
 F - a -3 hand crossbow
 S - a +0 battleaxe
Armour
 c - a +0 robe (worn)
 e - a +0 pair of boots (worn)
 f - +0 acid dragon scales
 h - a +1 cloak (worn)
Magical Staves
 q - a staff of earth
Jewellery
 i - an amulet of the acrobat (around neck)
 j - a ring of magical power (right hand)
 k - a ring of wizardry (left hand)
 p - a ring of the Octopus King {rC+ HP+2 AC+2 EV+2 SH+2}
   (You found it on level 10 of the Dungeon)

   [ring of protection from cold]

   AC:        It affects your AC (+2).
   EV:        It affects your evasion (+2).
   rC:        It protects you from cold.
   HP:        It affects your health (+2).
   SH:        It affects your SH (+2).
Wands
 m - a wand of polymorph (14)
 y - a wand of roots (21)
 H - a wand of mindburst (8)
 I - a wand of acid (7)
Scrolls
 a - 2 scrolls of vulnerability {unknown}
 l - 2 scrolls of fog
 w - a scroll of blinking
 x - a scroll of amnesia
 C - 3 scrolls of magic mapping
 D - 6 scrolls of teleportation
 E - 2 scrolls of poison
 T - 2 scrolls of enchant armour
Potions
 d - 3 potions of lignification
 g - 2 potions of heal wounds
 n - a potion of ambrosia
 o - a potion of cancellation {unknown}
 r - a potion of flight {unknown}
 t - 2 potions of mutation
 v - 2 potions of degeneration {unknown}
 z - 8 potions of curing
 B - 3 potions of might
 K - a potion of resistance {unknown}
 Q - 2 potions of berserk rage {unknown}


   Skills:
 - Level 2.4 Dodging
 - Level 2.4 Stealth
 + Level 16.7 Spellcasting
 + Level 14.7 Conjurations


You had 22 spell levels left.
You knew the following spells:

 Your Spells              Type           Power      Damage    Failure   Level
a - Magic Dart            Conj           100%       1d8       0%          1
b - Searing Ray           Conj           100%       2d8       0%          2
c - Momentum Strike       Conj/Tloc      100%       3d10      1%          2
d - Static Discharge      Conj/Air       100%       2-7/arc   1%          2
e - Hailstorm             Conj/Ice       59%        3d13      1%          3
f - Dazzling Flash        Conj/Hex       100%       N/A       1%          3
g - Iskenderun's Mystic   Conj/Tloc      59%        2d12      1%          4
h - Fulminant Prism       Conj/Hex       29%        3d14      1%          4

Your spell library contained the following spells:

 Spells                   Type           Power      Damage    Failure   Level
 Inner Flame              Hex/Fire       23%        N/A       1%          3
 Beastly Appendage        Tmut           46%        N/A       1%          1
 Sting                    Tmut/Pois      92%        1d7       1%          1
 Blink                    Tloc           46%        N/A       1%          2
 Lesser Beckoning         Tloc           46%        N/A       1%          2
 Poisonous Vapours        Pois/Air       46%        N/A       1%          2
 Wereblood                Tmut           23%        N/A       1%          2
 Spider Form              Tmut/Pois      23%        N/A       2%          3
 Olgreb's Toxic Radiance  Pois           23%        N/A       2%          4
 Ice Form                 Ice/Tmut       23%        N/A       9%          4
 Simulacrum               Ice/Necr       11%        N/A       73%         6


Dungeon Overview and Level Annotations

Branches:
Dungeon (11/15)            Temple (1/1) D:4            Lair (0/5) D:8
    Orc: D:9-12

Altars:
Ashenzari
Cheibriados
Dithmenos
Elyvilon
Fedhas
Gozag
Hepliaklqana
Kikubaaqudgha
Makhleb
Nemelex Xobeh
Okawaru
Qazlal
Ru
Sif Muna
Trog
Uskayaw
Vehumet
Wu Jian
Xom
Yredelemnul
Zin
The Shining One

Shops:
D:5 *

Annotations:
D:11 Snorg


Message History

The orc warrior slams into the rock wall!
You kill the orc warrior!
Vehumet accepts your kill.
You start resting.
A troll comes into view.
Snorg the Insatiable comes into view.
Okay, then.
You are confused.
You feel invigorated.
Snorg shouts!
Snorg goes berserk!
You bump into the rock wall.
Snorg bites you but does no damage. Snorg claws you but does no damage.
Snorg claws you. The troll bites you. The troll completely misses you.
The troll claws you!
You feel less invigorated.
You feel less confused. The troll closely misses you. The troll claws you.
The troll claws you!
Casting: Iskenderun's Mystic Blast (safe; 1% risk of failure)
Confirm with . or Enter, or press ? or * to list all spells.
You erupt in a blast of force!
The mystic blast hits Snorg!
Snorg is lightly wounded.
Snorg is knocked back by the mystic blast.
The mystic blast hits the troll!!
The troll is heavily wounded.
The troll is knocked back by the mystic blast.
The troll slams into the rock wall!
The troll is almost dead.
Casting: Iskenderun's Mystic Blast (safe; 1% risk of failure)
Confirm with . or Enter, or press ? or * to list all spells.
You erupt in a blast of force!
The mystic blast hits the troll!
You kill the troll!
Vehumet accepts your kill.
You feel your power returning.
The mystic blast hits Snorg!!
Snorg is moderately wounded.
Snorg bites you. Snorg claws you!
* * * LOW HITPOINT WARNING * * *
Snorg claws you!
* * * LOW HITPOINT WARNING * * *
Snorg completely misses you. Snorg claws you!
You die...

#.# #.# #.#
#.# ###.###
#).)).
#.#)##
#..T.####
#.#@....# #
###†.#.##.#
... #.....##
#...
#.###.###..#
..> #.....#
### #.####.#
.... ######


You could see Snorg (berserk).

Vanquished Creatures
  Erica (D:9)
  2 two-headed ogres
  The ghost of Almogavar the Basher, a journeyman GrFi of Okawaru (D:8)
  Urug (D:11)
  An ugly thing (D:11)
  A gargoyle (D:5)
  2 unseen horror zombies (D:9)
  A troll (D:11)
  A hornet (D:9)
  8 yaks
  4 wyverns
  2 wraiths (D:10)
  Menkaure (D:6)
  An acid dragon (D:10)
  3 water moccasins
  6 orc warriors
  2 ice beasts
  3 sky beasts
  A black bear (D:5)
  4 centaurs
  2 phantoms
  2 kobold brigands (D:8)
  A bullfrog (D:9)
  2 gnoll sergeants
  3 necrophages (D:4)
  5 scorpions
  7 wights
  8 killer bees (D:10)
  A howler monkey (D:8)
  5 centaur zombies
  2 hounds
  6 orc priests
  A jelly (D:3)
  A gnoll bouda (D:8)
  5 iguanas
  A scorpion zombie (D:4)
  A sleepcap (D:6)
  Natasha (thrice) (D:2)
  9 orc wizards
  2 killer bee zombies (D:9)
  2 howler monkey zombies (D:9)
  8 adders
  15 gnolls
  6 white imps
  An ufetubus (D:7)
  An adder zombie (D:4)
  5 worms
  3 dart slugs
  47 orcs
  9 bats
  6 endoplasms
  2 giant cockroaches
  10 goblins
  5 hobgoblins
  5 quokkas
  6 ball pythons
  4 frilled lizards (D:2)
  10 kobolds
  6 rats
264 creatures vanquished.

Vanquished Creatures (others)
  An orc wizard (D:3)
  A bat (D:1)
  5 fulminant prisms
7 creatures vanquished.

Grand Total: 271 creatures vanquished

Notes
Turn   | Place    | Note
-------+----------+-------------------------------------------
     0 | D:1      | Heoruswealwe the Deep Elf Conjurer began the quest for the
                  | Orb.
     0 | D:1      | Reached XP level 1. HP: 10/10 MP: 6/6
   136 | D:1      | Reached XP level 2. HP: 15/15 MP: 3/8
   139 | D:1      | Learned a level 2 spell: Searing Ray
   568 | D:1      | Found a faded altar of an unknown god.
   792 | D:2      | Reached skill level 4 in Spellcasting
   793 | D:2      | Reached skill level 5 in Conjurations
   793 | D:2      | Reached XP level 3. HP: 13/19 MP: 4/10
  1134 | D:2      | Noticed Natasha
  1177 | D:2      | Killed Natasha
  1178 | D:2      | Reached XP level 4. HP: 18/24 MP: 7/12
  1203 | D:2      | Learned a level 3 spell: Dazzling Flash
  1210 | D:2      | Learned a level 4 spell: Fulminant Prism
  1215 | D:2      | Noticed Natasha
  1221 | D:2      | Killed Natasha
  1222 | D:2      | Reached skill level 5 in Spellcasting
  1665 | D:2      | Noticed Natasha
  1669 | D:2      | Killed Natasha
  1737 | D:3      | Reached XP level 5. HP: 28/28 MP: 12/14
  1742 | D:3      | Learned a level 4 spell: Iskenderun's Mystic Blast
  2066 | D:3      | Reached skill level 6 in Spellcasting
  2185 | D:3      | Reached XP level 6. HP: 7/32 MP: 7/17
  2711 | D:4      | Learned a level 2 spell: Momentum Strike
  2979 | D:4      | Found a staircase to the Ecumenical Temple.
  3143 | D:4      | Found a glowing silver altar of Zin.
  3206 | D:4      | Found an ancient bone altar of Kikubaaqudgha.
  3343 | D:4      | Found a blossoming altar of Fedhas.
  3509 | D:4      | Reached skill level 7 in Spellcasting
  3510 | D:4      | Reached XP level 7. HP: 36/36 MP: 17/20
  3821 | Temple   | Entered the Ecumenical Temple
  3873 | Temple   | Became a worshipper of Vehumet
  4259 | D:3      | You fall into a shaft and drop 1 floor!
  4373 | D:5      | Entered Level 5 of the Dungeon
  4525 | D:5      | Reached skill level 8 in Spellcasting
  4738 | D:5      | Found Xasoh's Lightly-Used Armoury.
  4853 | D:5      | Bought a -3 hand crossbow for 1 gold piece
  4894 | D:5      | Reached skill level 9 in Spellcasting
  4959 | D:5      | Noticed a gargoyle
  4976 | D:5      | Killed a gargoyle
  4977 | D:5      | Reached XP level 8. HP: 41/41 MP: 3/23
  5377 | D:6      | Learned a level 3 spell: Hailstorm
  5423 | D:6      | Reached skill level 10 in Spellcasting
  5585 | D:6      | Found a shadowy altar of Dithmenos.
  5585 | D:6      | Found a glowing golden altar of the Shining One.
  5712 | D:6      | Noticed Menkaure
  5719 | D:6      | Killed Menkaure
  5908 | D:6      | Reached * piety under Vehumet
  5908 | D:6      | Offered knowledge of Sandblast by Vehumet.
  5932 | D:6      | Reached skill level 11 in Spellcasting
  5932 | D:6      | Reached skill level 10 in Conjurations
  6179 | D:6      | Reached XP level 9. HP: 45/45 MP: 22/26
  6392 | D:6      | Found a bloodstained altar of Trog.
  6396 | D:6      | Found a hazy altar of Hepliaklqana.
  6404 | D:6      | Found a snail-covered altar of Cheibriados.
  6578 | D:7      | Reached skill level 12 in Spellcasting
  6844 | D:7      | Found a basalt altar of Yredelemnul.
  7471 | D:8      | Found a staircase to the Lair.
  7481 | D:8      | Reached skill level 13 in Spellcasting
  7674 | D:8      | Reached XP level 10. HP: 30/50 MP: 23/29
  7675 | D:8      | Reached ** piety under Vehumet
  7675 | D:8      | Offered knowledge of Static Discharge by Vehumet.
  7681 | D:8      | Learned a level 2 spell: Static Discharge
  8373 | D:8      | Noticed a two-headed ogre
  8387 | D:8      | Killed a two-headed ogre
  8388 | D:8      | Reached skill level 14 in Spellcasting
  8457 | D:8      | Found a runed translucent gate.
  8458 | D:8      | Found a runed translucent gate.
  8458 | D:8      | Found an opulent altar of Gozag.
  8459 | D:8      | Found a runed translucent gate.
  8505 | D:8      | Noticed Almogavar's ghost (journeyman GrFi)
  8533 | D:8      | Killed Almogavar's ghost
  9479 | D:9      | Reached skill level 15 in Spellcasting
  9714 | D:9      | Found Rovaceu's Distillery.
  9714 | D:9      | Noticed Erica
  9725 | D:9      | Killed Erica
  9844 | D:9      | Bought a potion of lignification for 33 gold pieces
  9844 | D:9      | Bought a potion of heal wounds for 55 gold pieces
  9844 | D:9      | Bought a potion of might for 44 gold pieces
  9844 | D:9      | Bought a potion of ambrosia for 88 gold pieces
  9844 | D:9      | Bought a potion of might for 44 gold pieces
  9844 | D:9      | Bought a potion of mutation for 88 gold pieces
  9844 | D:9      | Bought a potion of curing for 33 gold pieces
  9844 | D:9      | Bought a potion of heal wounds for 55 gold pieces
  9844 | D:9      | Bought a potion of curing for 33 gold pieces
  9973 | D:9      | Reached XP level 11. HP: 31/54 MP: 27/32
 10574 | D:10     | Entered Level 10 of the Dungeon
 10764 | D:10     | Found the ring of the Octopus King
 10805 | D:10     | Offered knowledge of Inner Flame by Vehumet.
 10809 | D:10     | Noticed a two-headed ogre
 10824 | D:10     | Killed a two-headed ogre
 10825 | D:10     | Reached skill level 16 in Spellcasting
 10993 | D:10     | Identified a ring of the Octopus King {rC+ HP+2 AC+2 EV+2
                  | SH+2}
 11205 | D:10     | Reached *** piety under Vehumet
 11285 | D:11     | Noticed Urug
 11290 | D:11     | Noticed a cyan ugly thing
 11297 | D:11     | Killed Urug
 11298 | D:11     | Killed a cyan ugly thing
 11315 | D:11     | Noticed Snorg
 11321 | D:11     | Slain by Snorg

Illustrated notes

Levels and vault maps discovered:
D:1:      shiori_arrival_elements, layout_basic, basic_ecumenical_altar,
          lemuel_flame_loot_1
D:2:      layout_rooms, serial_corexii_hall, chequers_hall_statues_y,
          chequers_hall_statues_corner_a, kennysheep_another_room,
          minmay_goblin_outpost, uniq_natasha
D:3:      layout_basic
D:4:      layout_loops_ring, fedhas_altar_decomposition,
          nicolae_kikubaaqudgha_miasma_corner, zin_treasury,
          minmay_temple_entry_mini_moons
D:5:      layout_loops_ring, minmay_shop_damaged
D:6:      layout_loops_corners, mainiacjoe_overflow_catwalk_spiral,
          minmay_overflow_temple_star_quad, item_on_display_a, uniq_menkaure
D:7:      layout_layer_cave, yredelemnul_altar_generic
D:8:      layout_basic, minmay_lair_entry_grove, ebering_ghost_gozag,
          chequers_arboretum
D:9:      layout_grid_maze, serial_shops, nicolae_shop_industrial_runoff,
          serial_undead, serial_undead_c, serial_undead_d, serial_undead_c,
          serial_undead_a, billiards_dpeg, uniq_erica
D:10:     layout_cave_pools, eino_jars
D:11:     layout_loops_ring, uniq_snorg, uniq_psyche, uniq_urug, uniq_erolcha
Temple:   nicolae_temple_bog_church

Skill      XL: |  1  2  3  4  5  6  7  8  9 10 11 |
---------------+----------------------------------+-----
Spellcasting   | 4 5 6 7 9 11 13 15 16 | 16.7
Conjurations   | 5 6 7 8 10 11 13 14 | 14.7
Dodging        | |  2.4
Stealth        | |  2.4

Action                     |  1- 3 |  4- 6 |  7- 9 | 10-12 || total
---------------------------+-------+-------+-------+-------++-------
  Melee: Unarmed           |     1 |     3 |       |       ||     4
         Long sword        |       |     3 |     3 |     1 ||     7
         War axe           |       |       |   136 |       ||   136
         Punch             |       |       |     3 |       ||     3
         Battleaxe         |       |       |       |   316 ||   316
         Scimitar          |       |       |       |     7 ||     7
   Cast: Magic Dart        |    57 |   123 |   144 |    37 ||   361
         Searing Ray       |     3 |     7 |    20 |     5 ||    35
         Fulminant Prism   |       |       |     4 |     1 ||     5
         Iskenderun's Myst |       |       |    43 |    95 ||   138
         Hailstorm         |       |       |       |     8 ||     8
         Momentum Strike   |       |       |       |     4 ||     4
         Static Discharge  |       |       |       |     1 ||     1
    Use: Potion            |     1 |       |     1 |     8 ||    10
         Scroll            |       |       |    10 |     4 ||    14
 Armour: Skin              |     3 |       |       |       ||     3
         Robe              |       |    14 |     8 |    13 ||    35
  Dodge: Dodged            |    24 |    48 |    82 |    95 ||   249
